AoeStats
← Agus Talleres 2

Arena

510066693Analyzed
3v3 RM · 4d ago on Sep 29, 2026· 34m 11s· 6 players
Game mode
Random Map
Map size
Normal (6 player)
Population
200
Speed
Normal
Resources
Standard
Victory
Conquest
Starting age
Dark Age
Ending age
Imperial Age
RankedLock teamsTeams togetherTeam positionsShared explorationLock speedFull tech treeHidden civsTurbo modeCheats
Victory
Defeat
🇦🇷 Spanish · Argentina
1371
+4
🇺🇸 Hindustanis · United States
1173
+8
🇹🇼 Khmer · Taiwan
1107
+10
🇬🇧 Magyars · United Kingdom
1042
-8
🇦🇺 Spanish · Australia
1009
-7
🇺🇾 Aztecs · Uruguay
993
-7
ing.alexander02
10:58 Feudal Age
14:41 Castle Age
12:47 Horse Collar
13:02 Double-Bit Axe
14:57 Loom
17:11 Town Watch
17:01 Man-at-Arms
19:00 Squires
20:40 Long Swordsman
21:06 Arson
23:44 Scale Mail Armor
23:55 Forging
25:10 Heavy Plow
25:39 Gold Mining
27:16 Wheelbarrow
27:51 Chain Mail Armor
28:12 Iron Casting
28:42 Grand Trunk Road
36:00 Imperial Age
Agus Talleres 2
10:12 Feudal Age
12:04 Loom
14:19 Castle Age
14:41 Castle Age
12:53 Double-Bit Axe
29:15 Horse Collar
33:12 Padded Archer Armor
33:36 Bow Saw
33:28 Heavy Plow
34:02 Gold Mining
Meow嗷嗚
9:34 Feudal Age
13:27 Castle Age
13:30 Double-Bit Axe
18:11 Loom
22:34 Horse Collar
23:51 Fletching
30:37 Gold Mining
30:45 Stone Mining
31:51 Bow Saw
31:46 Heavy Plow
35:22 Imperial Age
33:29 Wheelbarrow
33:45 Bodkin Arrow
Soa
9:27 Feudal Age
8:29 Loom
10:22 Double-Bit Axe
10:20 Horse Collar
15:16 Bloodlines
22:06 Castle Age
22:44 Padded Archer Armor
22:50 Scale Barding Armor
25:40 Light Cavalry
Victor_Wembanyama
10:53 Feudal Age
14:29 Castle Age
14:03 Double-Bit Axe
14:02 Horse Collar
19:18 Bow Saw
23:47 Loom
29:00 Wheelbarrow
Fritz Flabbergasted Blitz
10:18 Feudal Age
16:05 Castle Age
17:03 Double-Bit Axe
17:31 Forging
18:08 Squires
18:49 Wheelbarrow
20:55 Pikeman
21:43 Horse Collar
21:46 Eagle Warrior
26:15 Hand Cart
25:55 Gold Mining
26:20 Scale Mail Armor
26:54 Loom
27:43 Sanctity
28:57 Gold Shaft Mining
28:35 Bow Saw
29:20 Iron Casting
31:11 Chain Mail Armor
32:11 Fletching
32:23 Gambesons
Connection lost

Rejoining the realm…

Still unreachable

The connection could not be restored.

Session expired

The server has moved on; the page needs a fresh start.